Map: Eternal Empire LE

Players

Serral

  • Race: Zerg Zerg
  • League: Master
  • Spawn Location: 1:00

Reynor - Winner!

  • Race: Zerg Zerg
  • Spawn Location: 7:00

Event: DreamHack SC2 Masters 2020 Summer Europe

VOD

Have the link to the VOD?

Description

Time

  • Played on: July 10, 2020, 1:54 p.m.
  • Length: 5:43

All games in this series

Show
View Real Time Build Order
Export as new Build Order

Serral Zerg 

Build Orders: Hatch First 

Get SALT Encoding   

  12  0:00  Drone  
  13  0:12  Overlord  
  13  0:16  Drone  
  14  0:30  Drone x2  
  16  0:48  Hatchery  
  15  0:50  Drone  
  15  0:54  Drone  
  17  0:57  Drone  
  18  1:08  Extractor  
  17  1:13  Spawning Pool  
  17  1:16  Drone  
  17  1:20  Drone  
  18  1:27  Drone  
  19  1:38  Drone  
  20  1:50  Drone  
  21  1:59  Overlord, Queen x2  
  21  2:00  Zergling x2  
  26  2:11  Drone x2  
  26  2:12  Metabolic Boost  
  28  2:22  Drone x2  
  30  2:36  Hatchery  
  29  2:39  Drone  
  29  2:41  Drone  
  31  2:48  Baneling Nest  
  30  2:52  Overlord  
  30  2:54  Drone  
  30  2:57  Drone  
  32  3:03  Drone  
  33  3:10  Zergling x8  
  37  3:14  Zergling x4  
  37  3:17  Zergling x4  
  41  3:30  Roach Warren  
  41  3:31  Zergling x4  
  41  3:33  Baneling x2  
  42  3:36  Overlord  
  42  3:39  Overlord  
  42  3:45  Zergling x4  
  44  3:52  Zergling x4  
  41  4:11  Baneling x2  
  41  4:12  Roach x3  
  41  4:15  Roach x3  
  41  4:17  Roach  
  51  4:18  Zergling x6  
  54  4:29  Roach  
  49  4:48  Zergling x8  
  49  4:50  Zergling x12  
  58  4:56  Overlord  
  58  4:59  Baneling  
  58  5:01  Baneling x2  
  58  5:02  Baneling  
  57  5:20  Zergling x14  
  58  5:22  Baneling x2  
Show
View Real Time Build Order
Export as new Build Order

Reynor Zerg - Winner!

Build Orders: Hatch First, Zergling Baneling 

Get SALT Encoding   

  12  0:00  Drone  
  13  0:12  Overlord  
  13  0:17  Drone  
  14  0:30  Drone x2  
  16  0:47  Hatchery  
  15  0:50  Drone  
  15  0:54  Drone  
  17  0:57  Drone  
  18  1:08  Extractor  
  17  1:13  Spawning Pool  
  17  1:16  Drone  
  17  1:19  Drone  
  18  1:27  Drone  
  19  1:38  Drone  
  20  1:49  Drone  
  21  1:59  Overlord, Queen  
  21  2:00  Zergling x2, Queen  
  26  2:09  Metabolic Boost  
  26  2:10  Drone  
  26  2:11  Drone  
  28  2:21  Drone x2  
  30  2:33  Hatchery  
  30  2:36  Drone  
  30  2:39  Drone  
  30  2:42  Drone  
  30  2:43  Drone  
  33  2:53  Overlord  
  33  2:55  Zergling x2  
  33  2:56  Baneling Nest  
  33  3:03  Zergling x2  
  33  3:04  Zergling x2  
  35  3:09  Zergling x2  
  35  3:11  Zergling x4  
  35  3:12  Zergling x4  
  40  3:15  Zergling x2  
  40  3:18  Overlord  
  41  3:23  Drone  
  41  3:26  Queen  
  44  3:35  Overlord  
  44  3:37  Zergling x2  
  44  3:41  Zergling x8  
  49  3:42  Baneling x2  
  49  3:48  Zergling x4  
  51  3:51  Zergling x2  
  51  3:52  Zergling x2  
  51  3:55  Zergling x4  
  54  4:01  Zergling x4  
  54  4:02  Baneling x2  
  56  4:05  Zergling x2  
  53  4:10  Zergling x4  
  53  4:13  Queen  
  56  4:17  Baneling x2  
  56  4:26  Zergling x6  
  52  4:32  Zergling x4  
  52  4:33  Zergling x4  
  52  4:34  Zergling x2  
  55  4:41  Zergling x4  
  55  4:43  Zergling x2  
  56  4:49  Queen  
  56  4:50  Roach Warren, Zergling x2  
  52  4:53  Baneling x3  
  52  4:54  Baneling  
  52  4:57  Zergling x2  
  53  5:00  Zergling x4  
  53  5:02  Zergling x2  
  53  5:05  Baneling  
  53  5:06  Baneling  
  56  5:08  Zergling x2  
  56  5:10  Zergling x2  
  56  5:11  Zergling x2  
  58  5:15  Zergling x4  
  58  5:17  Zergling x2  
  54  5:23  Baneling  
Tags
 
Add a new tag
Caveats
  • Supply blocks, unpowered buildings, or Contaminate may cause inaccurate times.
  • Supply counts are checked every 10 seconds.